 Dungeon Crawl Stone Soup version 0.22-a0-32-ga749362 (webtiles) character file.

4 Gorice the Firebug (level 1, 0/17 HPs)
             Began as a Hill Orc Wanderer on Jan 3, 2018.
             Killed from afar by a dart slug (4 damage)
             ... with a slug dart
             ... on level 1 of the Dungeon.
             The game lasted 00:00:33 (105 turns).

Gorice the Firebug (Hill Orc Wanderer)               Turns: 105, Time: 00:00:34

Health: 0/17       AC:  2    Str: 14    XL:     1   Next: 60%
Magic:  2/2        EV:  9    Int: 14    God:
Gold:   5          SH:  7    Dex:  8    Spells: 2/2 levels left

rFire    . . .     SeeInvis .   b - +0 spear
rCold    . . .     Gourm    .   a - +0 shield
rNeg     . . .     Faith    .   d - +0 robe
rPois    .         Spirit   .   (no helmet)
rElec    .         Reflect  .   (no cloak)
rCorr    .         Harm     .   (no gloves)
MR       .....                  (no boots)
Stlth    +.........             (no amulet)
HPRegen  0.05/turn              (no ring)
MPRegen  0.08/turn              (no ring)

@: no status effects
A: no striking features
a: no special abilities


You were on level 1 of the Dungeon.
You were not hungry.

You visited 1 branch of the dungeon, and saw 1 of its levels.

You collected 5 gold pieces.

Inventory:

Hand Weapons
 b - a +0 spear (weapon)
Armour
 a - a +0 shield (worn)
 d - a +0 robe (worn)
Books
 c - Umetyom's Compendium of Poison

   Spells                             Type                      Level
   a - Sting                          Conjuration/Poison           1
   b - Spider Form                    Transmutation/Poison         3
Comestibles
 f - 2 rations


   Skills:
 * Level 2.0 Fighting
   Level 1.0 Staves
 - Level 1.0 Throwing
 - Level 1.0 Dodging
 - Level 1.1 Shields
 - Level 1.0 Spellcasting
   Level 2.1 Fire Magic
   Level 1.7 Ice Magic


You had 2 spell levels left.
You didn't know any spells.

Dungeon Overview and Level Annotations

Branches:
Dungeon (1/15)

Altars:


Message History

The bat hits you. The hobgoblin hits you.
Damage: 3 (max 3)
You closely miss the hobgoblin.
The hobgoblin is severely wounded.
The bat barely misses you. The hobgoblin barely misses you.
You hit the hobgoblin but do no damage.
The hobgoblin is severely wounded.
The hobgoblin hits you but does no damage.
The bat hits you.
Damage: 1 (max 3)
You hit the hobgoblin.
The hobgoblin is almost dead.
You block the bat's attack. You block the hobgoblin's attack.
The goblin hits you but does no damage.
A gnoll comes into view. It is wielding a halberd.
You hit the hobgoblin.
You kill the hobgoblin!
You block the bat's attack. The goblin hits you with a dagger.
* * * LOW HITPOINT WARNING * * *
Damage: 4 (max 4)
The bat closely misses you. The bat hits you but does no damage.
The bat hits you but does no damage. The bat misses you.
You are too injured to fight recklessly!
You are too injured to fight recklessly!
You barely miss the goblin.
The goblin hits you but does no damage. x2
You barely miss the goblin. You block the goblin's attack.
You closely miss the goblin. You block the goblin's attack.
You hit the goblin.
You kill the goblin!
The bat hits you.
* * * LOW HITPOINT WARNING * * *
Damage: 1 (max 4)
The bat hits you.
* * * LOW HITPOINT WARNING * * *
Things that are here:
a dagger; a goblin corpse; Damage: 1 (max 4)
You hit the bat.
You kill the bat!
Your Fighting skill increases to level 2!
The dart slug launches a dart at you. The slug dart misses you.
The gnoll hits you from afar with a halberd.
* * * LOW HITPOINT WARNING * * *
Damage: 3 (max 4)
You hit the dart slug but do no damage. The dart slug launches a dart at you.
The slug dart hits you!
You die...

...............#
..#............
#............#
........†....#
#........#
##........#
#....g....#
#...#.#w###.....
#...#.#@# #..#
##. #.#)# .# #
..#.# #.#.##
############
#..#
#......'....
##.#
#......#.... #.#
#......#.... #.#
#...########
#.##
#...#..'...#


You could see a gnoll and a dart slug.

Vanquished Creatures
  A bat (D:1)
  A goblin (D:1)
  A hobgoblin (D:1)
3 creatures vanquished.

Notes
Turn   | Place    | Note
-------+----------+-------------------------------------------
     0 | D:1      | Gorice the Hill Orc Wanderer began the quest for the Orb.
     0 | D:1      | Gorice set off with: a +0 shield, a +0 spear, Umetyom's Compendium of Poison, a +0 robe, a ration
     0 | D:1      | Reached XP level 1. HP: 16/16 MP: 2/2
     0 | D:1      | Identified Umetyom's Compendium of Poison
   103 | D:1      | Reached skill level 2 in Fighting
   104 | D:1      | HP: 4/17 [gnoll/halberd (3)]
   105 | D:1      | Killed from afar by a dart slug

Vault maps used:
D:1:      minmay_arrival_widening_spiral_wide

Skill      XL: |  1 |
---------------+----+-----
Fighting       | 2 |  2.0
Staves         | |  1.0
Throwing       | |  1.0
Dodging        | |  1.0
Shields        | |  1.1
Spellcasting   | |  1.0
Fire Magic     | |  2.1
Ice Magic      | |  1.7

Action                   || total
-------------------------++-------
Melee: Spear             ||    12
Armor: Robe              ||     6
Dodge: Dodged            ||     5
Block: Shield            ||     5

Table legend:
 A = Spawn XP
 B = Non-spawn XP
 C = Spawn XP percentage of total XP
 D = Spawn monster count
 E = Non-spawn monster count
 F = Spawn count percentage of total count
 G = Total turns spent on level
                    A         B        C        D         E        F      G
               +---------+---------+-------+---------+---------+-------+---------
         Total |       0 |       6 |   0.0 |       0 |       3 |   0.0 |   105
               +---------+---------+-------+---------+---------+-------+---------
           D:1 |       0 |       6 |   0.0 |       0 |       3 |   0.0 |   105
               +---------+---------+-------+---------+---------+-------+---------

Table legend:
 A = Turns spent in this place as a percentage of turns spent in the entire game.
 B = Non-inter-level travel turns spent in this place as a percentage of non-inter-level travel turns spent in the entire game.
 C = Inter-level travel turns spent in this place as a percentage of turns spent in this place.
 D = Turns resting spent in this place as a percentage of non-inter-level travel turns spent in this place.
 E = Turns spent auto-exploring this place as a percentage of non-inter-level travel turns spent in this place.
 F = Non-inter-level travel turns spent in this place divided by the number of levels of this place that you've seen.
                   A       B       C       D       E      F
               +-------+-------+-------+-------+-------+----------------------
         Total | 100.0 | 100.0 |   0.0 |   0.0 |  79.0 | 105.0
       Dungeon | 100.0 | 100.0 |   0.0 |   0.0 |  79.0 | 105.0
               +-------+-------+-------+-------+-------+----------------------

Vault maps used:
D:1:      minmay_arrival_widening_spiral_wide
